AoeStats
← eugenioragni1

Arena

505478066Analyzed
3v3 RM · 21d ago on Sep 9, 2026· 38m 7s· 6 players
Game mode
Random Map
Map size
Normal (6 player)
Population
200
Speed
Normal
Resources
Standard
Victory
Conquest
Starting age
Dark Age
Ending age
Imperial Age
RankedLock teamsTeams togetherTeam positionsShared explorationLock speedFull tech treeHidden civsTurbo modeCheats
Victory
Defeat
🇫🇷 Celts · France
902
+13
🇨🇳 Huns · China
868
+14
🇮🇹 Khitans · Italy
865
+14
🇹🇷 Wei · Türkiye
890
-15
🇹🇷 Spanish · Türkiye
827
-14
🇹🇷 Turks · Türkiye
779
-12
eugenioragni1
10:47 Feudal Age
12:47 Domestication
18:07 Castle Age
17:14 Double-Bit Axe
18:58 Gold Mining
19:55 Bow Saw
21:37 Wheelbarrow
22:13 Pastoralism
23:55 Hand Cart
26:47 Forging
26:43 Scale Barding Armor
26:41 Scale Mail Armor
29:15 Imperial Age
28:47 Stone Mining
29:18 Gambesons
29:33 Squires
29:19 Arson
30:15 Ballistics
29:36 Treadmill Crane
30:36 Iron Casting
32:14 Elite Fire Lancer
35:01 Transhumance
35:35 Two-Man Saw
36:32 Chain Mail Armor
36:07 Fletching
36:18 Padded Archer Armor
38:28 Lamellar Armor
Le Daron
10:59 Feudal Age
10:18 Loom
11:45 Loom
15:14 Castle Age
13:54 Double-Bit Axe
13:52 Horse Collar
14:04 Stone Mining
15:07 Gold Mining
16:29 Bow Saw
17:27 Heavy Plow
27:15 Wheelbarrow
32:03 Imperial Age
30:31 Town Watch
31:07 Hand Cart
31:40 Fletching
31:51 Scale Mail Armor
32:02 Forging
32:28 Stronghold
33:58 Conscription
34:55 Town Watch
35:26 Chain Mail Armor
35:08 Bodkin Arrow
38:07 Plate Mail Armor
38:13 Iron Casting
37:45 Capped Ram
lanlanlan-S
4:23 Loom
12:33 Feudal Age
13:35 Double-Bit Axe
13:32 Horse Collar
17:14 Castle Age
15:41 Stone Mining
15:46 Gold Mining
19:40 Bow Saw
20:24 Heavy Plow
27:40 Wheelbarrow
27:04 Loom
32:14 Imperial Age
30:03 Hand Cart
29:34 Town Watch
30:48 Scale Mail Armor
30:58 Forging
30:16 Pikeman
30:59 Squires
30:44 Arson
32:11 Chain Mail Armor
33:01 Iron Casting
33:37 Conscription
32:53 Halberdier
34:25 Ballistics
34:53 Capped Ram
35:40 Siege Ram
36:47 Elite Skirmisher
37:34 Thumb Ring
37:55 Parthian Tactics
llDraebu
12:24 Feudal Age
10:44 Loom
12:29 Feudal Age
13:31 Double-Bit Axe
13:27 Horse Collar
16:46 Gold Mining
17:21 Stone Mining
18:39 Wheelbarrow
20:08 Bloodlines
22:35 Castle Age
21:48 Scale Barding Armor
21:54 Forging
24:21 Hand Cart
24:18 Bow Saw
24:09 Heavy Plow
24:45 Gold Shaft Mining
24:48 Chain Barding Armor
25:03 Iron Casting
30:16 Stone Shaft Mining
37:08 Husbandry
39:41 Imperial Age
lokmanhekim02
5:05 Loom
9:49 Feudal Age
10:47 Double-Bit Axe
10:59 Horse Collar
15:03 Gold Mining
17:36 Castle Age
26:22 Bow Saw
26:45 Town Watch
27:38 Wheelbarrow
29:35 Imperial Age
27:30 Ballistics
28:11 Town Patrol
28:40 Stone Mining
29:01 Bow Saw
29:49 Heavy Plow
31:33 Thumb Ring
34:10 Padded Archer Armor
34:00 Fletching
35:29 Chemistry
35:08 Heavy Cavalry Archer
37:13 Elite Skirmisher
Gus Fring9629
8:29 Loom
11:52 Feudal Age
13:09 Double-Bit Axe
22:59 Castle Age
27:33 Bow Saw
31:22 Wheelbarrow
34:25 Hand Cart
40:37 Imperial Age
Connection lost

Rejoining the realm…

Still unreachable

The connection could not be restored.

Session expired

The server has moved on; the page needs a fresh start.